Map: Cosmic Sapphire

Players

Elazer

  • Race: Zerg Zerg
  • Spawn Location: 11:00

RagnaroK (SHIN) - Winner!

  • Race: Zerg Zerg
  • Spawn Location: 5:00

Event: DreamHack SC2 Masters 2022 Atlanta (Offline)

VOD

Have the link to the VOD?

Description

Time

  • Played on: Nov. 18, 2022, 6:31 p.m.
  • Length: 9:06

All games in this series

Show
View Real Time Build Order
Export as new Build Order

Elazer Zerg 

Build Orders: 1 Base Baneling Bust, Pool First 

Get SALT Encoding   

  12  0:00  Drone  
  13  0:07  Extractor  
  12  0:23  Spawning Pool  
  12  0:27  Drone  
  12  0:33  Drone  
  13  0:38  Drone  
  14  0:49  Overlord  
  14  1:09  Metabolic Boost, Zergling x4  
  16  1:13  Zergling x2  
  17  1:21  Zergling x2  
  18  1:27  Baneling Nest  
  17  1:33  Zergling x2  
  18  1:43  Zergling x2  
  19  1:55  Zergling x2  
  20  2:05  Zergling x2  
  21  2:10  Baneling  
  21  2:11  Baneling  
  21  2:19  Zergling x2  
  22  2:29  Hatchery  
  21  2:35  Zergling x2  
  22  2:44  Overlord  
  22  3:02  Queen  
  22  3:04  Drone x2  
  26  3:18  Drone  
  26  3:26  Drone  
  27  3:32  Drone  
  27  3:38  Queen  
  28  3:42  Drone x2  
  28  3:46  Queen  
  32  3:52  Drone x2  
  34  4:02  Overlord  
  34  4:06  Drone  
  36  4:10  Drone  
  36  4:12  Overlord  
  36  4:22  Drone x3  
  38  4:31  Overlord  
  38  4:32  Drone  
  39  4:39  Drone x2  
  39  4:45  Drone x3  
  44  4:48  Drone  
  44  4:51  Drone  
  46  4:55  Drone x3  
  49  5:07  Baneling  
  49  5:09  Hatchery, Overlord  
  49  5:10  Drone  
  49  5:13  Drone  
  50  5:17  Overlord  
  50  5:22  Drone x4  
  50  5:26  Lair  
  53  5:32  Extractor  
  53  5:34  Roach Warren  
  53  5:35  Drone x2  
  53  5:37  Drone  
  53  5:39  Drone  
  55  5:43  Extractor  
  55  5:44  Overlord  
  55  5:47  Drone x2  
  56  5:52  Overlord  
  56  5:56  Overlord  
  57  5:57  Zergling x6  
  57  5:59  Zergling x4  
  57  6:03  Zergling x2  
  62  6:12  Overlord  
  59  6:22  Roach x3  
  59  6:23  Glial Reconstitution  
  65  6:27  Roach x5  
  77  6:33  Roach x3  
  81  6:40  Roach x2  
  81  6:41  Queen  
  83  6:47  Queen  
  83  6:51  Nydus Network  
  81  6:54  Queen  
  83  7:02  Spore Crawler  
  83  7:03  Roach  
  83  7:04  Roach x2  
  88  7:18  Roach x2  
  88  7:19  Roach x3  
  98  7:29  Queen  
  98  7:32  Nydus Canal  
  98  7:37  Queen  
  98  7:41  Overlord x2  
  98  7:42  Overlord  
  97  7:45  Queen  
  97  7:46  Nydus Canal  
  95  7:52  Roach  
  95  7:56  Roach  
  95  7:59  Roach x4  
  95  8:01  Roach  
  95  8:03  Nydus Canal  
  101  8:07  Roach  
  101  8:09  Roach  
  101  8:12  Roach x2  
  95  8:15  Roach  
  95  8:19  Roach  
  93  8:23  Roach x2  
  93  8:25  Roach  
  91  8:27  Roach  
  91  8:31  Roach  
  93  8:39  Roach x4  
Show
View Real Time Build Order
Export as new Build Order

RagnaroK Zerg - Winner!

Build Orders: Hatch First 

Get SALT Encoding   

  12  0:00  Drone  
  13  0:12  Overlord  
  13  0:16  Drone  
  14  0:30  Drone x2  
  16  0:48  Hatchery  
  16  0:50  Drone  
  16  0:53  Drone  
  16  0:57  Drone  
  18  1:08  Extractor  
  17  1:12  Spawning Pool  
  17  1:15  Drone  
  17  1:18  Drone  
  18  1:27  Drone  
  19  1:38  Drone  
  20  1:49  Drone  
  21  1:59  Queen  
  21  2:00  Zergling x4, Spine Crawler x2  
  23  2:04  Baneling Nest  
  22  2:10  Zergling x4  
  24  2:21  Zergling x4  
  25  2:32  Zergling x2  
  25  2:34  Queen  
  25  2:47  Baneling x2  
  25  2:50  Overlord  
  25  2:55  Overlord  
  25  3:09  Zergling x8  
  29  3:21  Baneling x2  
  28  3:32  Hatchery  
  27  3:38  Drone x2  
  28  3:41  Drone  
  28  3:46  Drone x3  
  32  3:52  Drone, Extractor  
  32  4:01  Lair  
  32  4:07  Overlord  
  32  4:14  Drone  
  33  4:23  Overlord x2  
  33  4:26  Drone  
  33  4:31  Drone  
  35  4:35  Drone  
  36  4:44  Drone  
  37  4:47  Drone  
  38  4:56  Drone x3  
  38  4:59  Spire  
  40  5:01  Drone  
  40  5:05  Drone  
  42  5:10  Metabolic Boost  
  42  5:13  Drone x2  
  44  5:15  Drone  
  44  5:20  Extractor  
  44  5:21  Extractor  
  43  5:22  Drone x2  
  43  5:26  Overlord  
  45  5:31  Spine Crawler  
  45  5:33  Drone  
  45  5:35  Drone  
  46  5:38  Drone x3  
  50  5:44  Drone x3  
  50  5:46  Drone  
  54  5:50  Overlord  
  54  6:02  Hatchery  
  53  6:10  Mutalisk x2  
  53  6:11  Mutalisk  
  57  6:15  Mutalisk  
  57  6:18  Mutalisk  
  60  6:20  Mutalisk  
  60  6:24  Mutalisk  
  66  6:26  Zergling x2  
  66  6:30  Zergling x2, Overlord  
  68  6:35  Overlord  
  68  6:41  Mutalisk  
  67  6:47  Hatchery  
  67  6:49  Mutalisk x2  
  70  6:57  Queen  
  70  6:58  Drone x4  
  76  7:03  Mutalisk  
  76  7:06  Mutalisk  
  80  7:09  Zergling x6  
  83  7:16  Overlord  
  83  7:19  Overlord  
  83  7:22  Overlord  
  83  7:26  Overlord  
  83  7:30  Overlord  
  83  7:34  Overlord  
  83  7:35  Overlord  
  83  7:38  Overlord  
  83  7:43  Mutalisk  
  83  7:44  Spine Crawler  
  83  7:47  Mutalisk  
  85  7:51  Mutalisk  
  85  7:53  Mutalisk  
  89  8:01  Mutalisk  
  87  8:06  Zergling x4  
  87  8:11  Zergling x10  
  88  8:20  Queen, Mutalisk  
  88  8:22  Mutalisk  
  88  8:24  Zergling x2  
  95  8:30  Mutalisk  
  96  8:34  Zergling x6  
  96  8:35  Zergling x4  
  98  8:42  Mutalisk  
  103  8:51  Drone  
  105  9:01  Extractor  
  105  9:03  Extractor  
Tags
 
Add a new tag
Caveats
  • Supply blocks, unpowered buildings, or Contaminate may cause inaccurate times.
  • Supply counts are checked every 10 seconds.